 Dungeon Crawl Stone Soup version 0.20.1-1-g8b1a95d (webtiles) character file.

10080 Piramida the Basher (level 11, -1/92 HPs)
             Began as a Minotaur Berserker on Nov 4, 2017.
             Was a High Priest of Trog.
             Shot with an arrow by a deep elf archer (16 damage)
             ... on level 10 of the Dungeon.
             The game lasted 00:32:21 (12140 turns).

Piramida the Basher (Minotaur Berserker)           Turns: 12140, Time: 00:32:22

Health: -1/92      AC: 15    Str: 25    XL:     11   Next: 31%
Magic:  13/13      EV:  9    Int:  4    God:    Trog [*****.]
Gold:   492        SH:  0    Dex: 10    Spells: 10/10 levels left

rFire    + + +     SeeInvis +   N - +8 battleaxe "Newtslayer" {venom, *Rage +Fly rF+++ SInv}
rCold    . . .     Gourm    .   (shield currently unavailable)
rNeg     + . .     Faith    .   x - +0 plate armour
rPois    .         Spirit   .   (helmet restricted)
rElec    .         Reflect  .   (no cloak)
rCorr    +         Harm     .   y - +1 pair of gloves
MR       .....     Rnd*Rage +   (no boots)
Stlth    ..........             (no amulet)
Regen    0.3/turn               q - ring of resist corrosion
MPRegen  0.2/turn               v - ring of positive energy

@: berserk cooldown, slowed, very slow
A: retaliatory headbutt, horns 2
a: Berserk, Trog's Hand, Brothers in Arms, Burn Spellbooks, Renounce Religion,
Evoke Flight


You were on level 10 of the Dungeon.
You worshipped Trog.
Trog was extremely pleased with you.
You were not hungry.

You visited 1 branch of the dungeon, and saw 10 of its levels.
You also visited: Sewer and Ossuary.

You collected 492 gold pieces.

Inventory:

Hand Weapons
 N - the +8 battleaxe "Newtslayer" (weapon) {venom, *Rage +Fly rF+++ SInv}
   (You found it on level 7 of the Dungeon)

   It poisons the flesh of those it strikes.
   It renders you almost immune to fire.
   It lets you see invisible.
   It lets you fly.
   It may make you go berserk in combat.
 R - a +3 antimagic morningstar
Armour
 x - a +0 plate armour (worn)
 y - a +1 pair of gloves (worn)
 M - the +0 shield of Temperance {Int+3}
   (You found it on level 6 of the Dungeon)

   It affects your intelligence (+3).
Jewellery
 e - an uncursed ring of flight
 o - an uncursed ring of see invisible
 q - a ring of resist corrosion (left hand)
 r - an uncursed ring of protection from cold
 v - a ring of positive energy (right hand)
 L - an uncursed ring of poison resistance
 Q - the ring "Valuhon" {+Inv rPois rN+ MR-}
   (You found it on level 8 of the Dungeon)

   [ring of positive energy]

   It protects you from poison.
   It protects you from negative energy.
   It affects your resistance to hostile enchantments.
   It lets you turn invisible.
Wands
 d - a wand of iceblast (7/15)
 f - a wand of paralysis (4/24)
 n - a wand of random effects (40/48)
 E - a wand of acid (8/15)
 K - a wand of confusion (19/48)
Scrolls
 g - 3 scrolls of random uselessness {unknown}
 i - 3 scrolls of fear {unknown}
 j - 2 scrolls of immolation
 l - 3 scrolls of teleportation
 m - a scroll of remove curse
 t - 2 scrolls of enchant armour
 u - a scroll of enchant weapon {unknown}
 C - 2 scrolls of magic mapping
 I - a scroll of silence {unknown}
 J - 3 scrolls of noise {unknown}
 P - a scroll of brand weapon {unknown}
 S - a scroll of blinking {unknown}
Potions
 a - 3 potions of berserk rage
 p - 5 potions of might {unknown}
 s - 2 potions of heal wounds {unknown}
 w - 2 potions of brilliance {unknown}
 z - 6 potions of curing
 A - 3 potions of agility
 D - 2 potions of ambrosia {unknown}
 F - 2 potions of cancellation {unknown}
 G - 5 potions of flight
 H - 2 potions of lignification {unknown}
Comestibles
 b - a chunk of flesh
 c - 12 bread rations
 h - 6 royal jellies
 k - 7 meat rations
 O - 2 fruits


   Skills:
 + Level 7.3 Fighting
 * Level 7.2(11.9) Axes
 - Level 14.5(15.1) Maces & Flails
 + Level 7.2 Armour
 + Level 5.7 Dodging
 + Level 5.3 Shields
 + Level 4.0 Evocations


You had 10 spell levels left.
You didn't know any spells.

Dungeon Overview and Level Annotations

Branches:
Dungeon (10/15)            Temple (0/1) D:5            Lair (0/6) D:8
    Orc: D:9-12

Altars:

Shops:
D:9 (


Innate Abilities, Weirdness & Mutations

You reflexively headbutt those who attack you in melee.
You have a pair of horns on your head.


Message History

The deep elf archer points at you and mumbles some strange words.
You resist with significant effort.
You bump into the stone wall.
The deep elf archer blinks!
The deep elf archer unwields an uncursed dagger.
The deep elf archer wields an uncursed shortbow.
The deep elf archer shoots an arrow.
The arrow hits you.
You bump into the rock wall.
The deep elf archer shoots an arrow.
The arrow hits you!!
You bump into the stone wall.
The deep elf archer shoots an arrow.
The arrow hits you!
* * * LOW HITPOINT WARNING * * *
You're too confused!
You bump into the rock wall.
The deep elf archer shoots an arrow.
The arrow closely misses you.
Unknown command.
You bump into the rock wall.
The deep elf archer moves out of view.
You bump into the rock wall.
You feel less confused.
The deep elf archer shoots an arrow.
The arrow hits you!
You die...

#...........#####
#.......###.....# ####
#......#....###.##### #...
+......#............# #...
#......+.##########.# #...
#........# #.# #..> #..)))...#
#.####).. #...)).#.##+#
#........ #####(##.#@.#
#.####... #..##.#).# #.# #...
#.###.##'#######.# #### ###.#
#.#.e'..'..#.# #≈. #...#
#.#..#..#..'.## #≈( ###.###
#.##########..####≈) #.....#
#.............'.##≈.
#.....#######.........#..##'
###.......#####.........##..#.


You could see a deep elf archer.

Vanquished Creatures
  The ghost of mortelune the Cleaver, a novice MiFi of Okawaru (D:9)
  A centaur warrior (D:8)
  The ghost of hilaritas the Basher, a novice GrFi of Okawaru (D:8)
  The ghost of Ymberto the Shield-Bearer, a novice HOFi of Okawaru (D:6)
  An unseen horror (D:8)
  The ghost of vineage the Basher, a novice GrFi (D:4)
  A merfolk (D:10)
  Grinder (D:6)
  Prince Ribbit (D:8)
  A hippogriff (D:9)
  A wraith (D:10)
  A hungry ghost (D:8)
  Grum (D:8)
  Edmund (D:5)
  An acid dragon (D:9)
  2 water moccasins
  2 orc warriors
  2 black bears (D:9)
  An ice beast (D:6)
  2 sky beasts
  2 necrophages
  3 phantoms
  4 wolves (D:8)
  An ogre (D:7)
  2 centaurs
  A crocodile (D:9)
  3 bullfrogs
  7 big kobolds
  A gnoll sergeant (D:10)
  A water moccasin skeleton (D:6)
  12 killer bees
  10 wights
  6 crimson imps
  3 centaur zombies
  A quasit (D:10)
  A bullfrog zombie (D:8)
  A jelly (D:9)
  5 hounds
  2 bullfrog skeletons
  A human zombie (Ossuary)
  An orc priest (D:3)
  9 orc wizards
  Ijyb (D:5)
  5 iguanas
  5 worker ants
  Terence (D:3)
  2 big kobold zombies (Ossuary)
  A hound skeleton (D:4)
  5 mummies (Ossuary)
  3 worker ant zombies
  16 gnolls
  13 adders
  2 river rats (Sewer)
  4 oozes
  4 adder skeletons
  10 worms
  2 dart slugs
  2 leopard geckos
  32 orcs
  9 giant cockroaches
  A gnoll zombie (Ossuary)
  5 goblins
  9 hobgoblins
  6 jackals
  4 quokkas
  4 ball pythons
  5 bats
  7 frilled lizards
  A goblin zombie (Ossuary)
  15 kobolds
  A leopard gecko zombie (D:7)
  An orc zombie (Ossuary)
  A quokka zombie (D:8)
  12 rats
290 creatures vanquished.

Notes
Turn   | Place    | Note
-------+----------+-------------------------------------------
     0 | D:1      | Piramida the Minotaur Berserker began the quest for the Orb.
     0 | D:1      | Reached XP level 1. HP: 19/19 MP: 0/0
   132 | D:1      | Reached skill level 4 in Maces & Flails
   269 | D:1      | Reached XP level 2. HP: 26/26 MP: 1/1
   626 | D:1      | Reached skill level 5 in Maces & Flails
   917 | D:2      | Reached XP level 3. HP: 25/31 MP: 2/2
  1367 | D:2      | Reached XP level 4. HP: 13/39 MP: 3/3
  1561 | D:2      | Reached skill level 6 in Maces & Flails
  1596 | D:2      | Reached ** piety under Trog
  1613 | D:2      | HP: 1/58 [gnoll/enchanted spear (7)]
  2134 | D:2      | Reached skill level 7 in Maces & Flails
  2134 | D:2      | Reached XP level 5. HP: 45/45 MP: 4/4
  2196 | D:2      | Noticed a phantom
  2212 | D:2      | Killed a phantom
  2212 | D:2      | Reached skill level 8 in Maces & Flails
  2476 | D:2      | Reached XP level 6. HP: 50/51 MP: 5/5
  3110 | D:3      | Noticed Terence
  3115 | D:3      | Killed Terence
  3115 | D:3      | Reached *** piety under Trog
  3359 | D:3      | Reached skill level 9 in Maces & Flails
  4037 | D:4      | Reached XP level 7. HP: 54/57 MP: 6/6
  4125 | D:4      | Noticed vineage's ghost (novice GrFi)
  4133 | D:4      | Killed vineage's ghost
  4133 | D:4      | Reached skill level 10 in Maces & Flails
  4347 | D:4      | Found a glowing drain.
  4356 | Sewer    | Entered a sewer
  4645 | Sewer    | Reached skill level 11 in Maces & Flails
  4712 | Sewer    | Reached XP level 8. HP: 59/64 MP: 7/7
  4856 | Sewer    | Reached **** piety under Trog
  5236 | Sewer    | Reached skill level 12 in Maces & Flails
  5607 | D:5      | Entered Level 5 of the Dungeon
  5786 | D:5      | Noticed Ijyb
  5799 | D:5      | Killed Ijyb
  5839 | D:5      | Found a sand-covered staircase.
  5909 | Ossuary  | Entered an ossuary
  6629 | D:5      | Noticed Edmund
  6636 | D:5      | Killed Edmund
  6636 | D:5      | Reached skill level 13 in Maces & Flails
  7031 | D:5      | Found a staircase to the Ecumenical Temple.
  7279 | D:6      | Noticed Ymberto's ghost (novice HOFi)
  7291 | D:6      | Killed Ymberto's ghost
  7291 | D:6      | Reached skill level 14 in Maces & Flails
  7291 | D:6      | Reached XP level 9. HP: 70/70 MP: 8/8
  7363 | D:6      | Got a brightly glowing shield
  7374 | D:6      | Identified the cursed +0 shield of Temperance {Int+3} (You found it on level 6 of the Dungeon)
  7710 | D:6      | Reached skill level 1 in Shields
  7725 | D:6      | Reached ***** piety under Trog
  7728 | D:6      | Noticed Grinder
  7757 | D:6      | Reached skill level 1 in Evocations
  7761 | D:6      | Killed Grinder
  8149 | D:7      | Reached skill level 5 in Fighting
  8443 | D:7      | Got a steaming battleaxe
  8451 | D:7      | Identified the +8 battleaxe "Newtslayer" {venom, *Rage +Fly rF+++ SInv} (You found it on level 7 of the Dungeon)
  8801 | D:7      | Reached skill level 1 in Axes
  8893 | D:7      | Reached XP level 10. HP: 82/82 MP: 10/10
  8898 | D:7      | Reached skill level 5 in Armour
  9270 | D:8      | Noticed Grum
  9279 | D:8      | Killed Grum
  9411 | D:8      | Found a staircase to the Lair.
  9539 | D:8      | Noticed an unseen horror
  9543 | D:8      | Killed an unseen horror
  9545 | D:8      | Noticed a centaur warrior
  9549 | D:8      | Killed a centaur warrior
  9559 | D:8      | Reached skill level 5 in Axes
  9612 | D:8      | Got a fine platinum ring
  9640 | D:8      | Noticed hilaritas's ghost (novice GrFi)
  9649 | D:8      | Killed hilaritas's ghost
  9975 | D:8      | Reached skill level 5 in Dodging
 10299 | D:8      | Identified the ring "Valuhon" {+Inv rPois rN+ MR-} (You found it on level 8 of the Dungeon)
 10392 | D:8      | Noticed Prince Ribbit
 10403 | D:8      | Killed Prince Ribbit
 10626 | D:9      | Reached XP level 11. HP: 68/91 MP: 12/12
 10817 | D:9      | Found Waopt's Antique Weapon Emporium.
 11233 | D:9      | Noticed mortelune's ghost (novice MiFi)
 11245 | D:9      | Killed mortelune's ghost
 11738 | D:9      | Reached skill level 5 in Shields
 11782 | D:10     | Entered Level 10 of the Dungeon
 12014 | D:10     | Received a gift from Trog
 12107 | D:10     | Found a runed door.
 12121 | D:10     | Noticed a deep elf archer
 12140 | D:10     | Shot with an arrow by a deep elf archer

Skill      XL: |  1  2  3  4  5  6  7  8  9 10 11 |
---------------+----------------------------------+-----
Maces & Flails | 4 5 7 8 9 11 14 | 14.5
Fighting       | 5 6 7 |  7.3
Shields        | 2 4 5 |  5.3
Armour         | 4 6 7 |  7.2
Dodging        | 3 5 |  5.7
Evocations     | 2 3 4 |  4.0
Axes           | 1 6 7 |  7.2

Action                   |  1- 3 |  4- 6 |  7- 9 | 10-12 || total
-------------------------+-------+-------+-------+-------++-------
Melee: Mace              |    55 |    38 |       |       ||    93
       Headbutt          |    10 |    18 |    66 |    34 ||   128
       Flail             |       |   116 |   344 |       ||   460
       Battleaxe         |       |       |    30 |   183 ||   213
Invok: Berserk           |     1 |     3 |     6 |     2 ||    12
       Burn Spellbooks   |       |       |     1 |       ||     1
       Trog's Hand       |       |       |     1 |       ||     1
  Use: Scroll            |       |     1 |     9 |     4 ||    14
       Potion            |       |       |     1 |       ||     1
  Eat: Chunk             |     1 |    13 |    14 |    14 ||    42
       Meat ration       |       |       |     1 |       ||     1
       Royal jelly       |       |       |     1 |       ||     1
       Fruit             |       |       |       |     1 ||     1
Armor: Animal skin       |     6 |       |       |       ||     6
       Ring mail         |    10 |    54 |    32 |       ||    96
       Plate armour      |       |       |   105 |   120 ||   225
Dodge: Dodged            |    29 |    77 |    93 |    95 ||   294
Block: Buckler           |     1 |     6 |    19 |       ||    26
       Shield            |       |       |    35 |       ||    35
